 Dungeon Crawl Stone Soup version 0.32-a0-872-g59262bdc9b (webtiles) character file.

Game seed: 6508806781796368225

5422 smashvw the Fighter (level 10, -8/93 HPs)
             Began as a Minotaur Monk on Mar 31, 2024.
             Was a Believer of Qazlal.
             Mangled by a centaur warrior (9 damage)
             ... on level 9 of the Dungeon.
             The game lasted 00:19:35 (6647 turns).

smashvw the Fighter (Minotaur Monk)                 Turns: 6647, Time: 00:19:36

Health: -8/93      AC: 13    Str: 21    XL:     10   Next: 40%
Magic:  15/15      EV:  8    Int:  7    God:    Qazlal [**....]
Gold:   130        SH:  7    Dex: 17    Spells: 18/18 levels left

rFire   . . .        t - +6 shillelagh "Devastator" {shatter}
rCold   . . .        A - -2 buckler "Hanadimn" {Regen+ Dex+5 Stlth-}
rNeg    . . .        E - +0 chain mail
rPois   .            (helmet restricted)
rElec   .            (no cloak)
rCorr   .            e - +0 pair of gloves
SInv    .            i - +0 pair of boots
Will    ++...        B - amulet of the acrobat Stlth
                     f - ring of willpower
HPRegen 1.15/turn    (no ring)
MPRegen 0.14/turn

%: acrobat
@: brilliant, attractive, enlightened, flying
A: horns 2, retaliatory headbutt
a: Renounce Religion, Upheaval


You were on level 9 of the Dungeon.
You worshipped Qazlal.
Qazlal was pleased with you.
You visited 2 branches of the dungeon, and saw 10 of its levels.

You collected 386 gold pieces.
You spent 256 gold pieces at shops.

Inventory:

Hand Weapons
 a - a +0 hand axe
 t - the +6 shillelagh "Devastator" (weapon) {shatter}
   (You found it on level 4 of the Dungeon)
 I - a +0 club
Missiles
 G - 2 throwing nets (quivered)
Armour
 d - an orb of light
 e - a +0 pair of gloves (worn)
 i - a +0 pair of boots (worn)
 A - the -2 buckler "Hanadimn" (worn) {Regen+ Dex+5 Stlth-}
   (You bought it in a shop on level 4 of the Dungeon)

   Dex+5:     It affects your dexterity (+5).
   Regen+:    It increases your rate of health regeneration.
   Stlth-:    It makes you less stealthy.
 E - a +0 chain mail (worn)
 H - a scarf of shadows
Jewellery
 b - an amulet of guardian spirit
 f - a ring of willpower (left hand)
 B - an amulet of the acrobat (around neck)
 J - a ring of willpower
Wands
 w - a wand of charming (13)
 D - a wand of flame (50)
 L - a wand of acid (11)
Scrolls
 g - a scroll of fear {unknown}
 k - 5 scrolls of identify
 l - a scroll of enchant armour {unknown}
 m - 2 scrolls of fog {unknown}
 o - 3 scrolls of revelation {unknown}
 p - 3 scrolls of amnesia
 u - a scroll of blinking {unknown}
 v - a scroll of noise {unknown}
 y - 2 scrolls of torment {unknown}
 z - a scroll of poison {unknown}
 C - a scroll of butterflies {unknown}
 F - a scroll of enchant weapon {unknown}
 K - a scroll of teleportation {unknown}
Potions
 c - a potion of ambrosia
 h - 2 potions of lignification {unknown}
 j - 4 potions of brilliance
 n - 2 potions of enlightenment
 q - 2 potions of cancellation {unknown}
 r - a potion of haste {unknown}
 s - a potion of attraction
 x - a potion of curing


   Skills:
 - Level 10.0 Fighting
 - Level 6.3(8.2) Axes
 + Level 8.0(9.0) Maces & Flails
 - Level 8.0 Armour
 - Level 3.2 Dodging
 - Level 6.0 Shields
 + Level 4.5 Spellcasting


You had 18 spell levels left.
You didn't know any spells.
Your spell library contained the following spells:

 Spells                   Type           Power      Damage    Failure   Level
 Apportation              Tloc           4%         N/A       90%         1
 Necrotise                Necr           8%         1d4       90%         1
 Sandblast                Erth           4%         2d4       90%         1
 Sting                    Conj/Alch      8%         1d3       90%         1
 Summon Small Mammal      Summ           8%         N/A       90%         1
 Mercury Vapours          Alch/Air       4%         N/A       97%         2
 Inner Flame              Hex/Fire       2%         N/A       99%         3
 Stone Arrow              Conj/Erth      4%         3d7       99%         3
 Brom's Barrelling Bould  Conj/Erth      2%         2d3       100%        4
 Fulminant Prism          Conj/Alch      1%         3d5       100%        4
 Leda's Liquefaction      Alch/Erth      1%         N/A       100%        4
 Olgreb's Toxic Radiance  Alch           2%         N/A       100%        4
 Sticky Flame             Fire/Alch      2%         2d4       100%        4
 Irradiate                Conj/Alch      1%         3d12      100%        5
 Ignition                 Fire           1%         3d3       100%        8


Dungeon Overview and Level Annotations

Branches:
Dungeon (9/15)             Temple (1/1) D:6
   Lair: D:8-11         Orc: D:9-12

Altars:
Ashenzari
Cheibriados
Dithmenos
Elyvilon
Fedhas
Gozag
Hepliaklqana
Kikubaaqudgha
Makhleb
Nemelex Xobeh
Okawaru
Qazlal
Ru
Sif Muna
Uskayaw
Vehumet
Wu Jian
Xom
Yredelemnul
The Shining One

Shops:
D:2 *   D:3 !   D:4 *   D:8 *

Annotations:
D:8 3 runed translucent doors, dialectric's ghost, novice MiFi


Innate Abilities, Weirdness & Mutations

You have a pair of horns on your head.
You reflexively headbutt those who attack you in melee.


Message History

You block the centaur warrior's attack.
The centaur warrior kicks you but does no damage.
The centaur warrior hits you!
* * * LOW HITPOINT WARNING * * *
The centaur warrior barely misses you.
Okay, then.
You are confused.
You feel invigorated.
The centaur warrior hits you but does no damage.
The centaur warrior closely misses you.
You bump into the metal wall.
You hear a shout!
The centaur warrior hits you.
* * * LOW HITPOINT WARNING * * *
The centaur warrior closely misses you. The centaur warrior hits you.
* * * LOW HITPOINT WARNING * * *
The centaur warrior kicks you.
* * * LOW HITPOINT WARNING * * *
You hear an angry buzzing noise.
You hear a shout!
The centaur warrior wields a +0 shortbow.
The centaur warrior shoots an arrow.
The arrow completely misses you.
You see here a +0 falchion.
You bump into the metal wall.
You feel less invigorated.
You feel less confused.
The centaur warrior unwields a +0 shortbow.
The centaur warrior misses you. You furiously retaliate!
You headbutt the centaur warrior, but do no damage.
You block the centaur warrior's attack.
Items here: )) [ †.
It was a potion of attraction.
You feel attractive to monsters. The centaur warrior hits you!
* * * LOW HITPOINT WARNING * * *
You block the centaur warrior's attack. The bullfrog is attracted toward you.
It was a potion of curing.
You feel better. The centaur warrior hits you!
* * * LOW HITPOINT WARNING * * *
The centaur warrior kicks you but does no damage.
The centaur warrior hits you!
You die...

#.. .# ## #.. ..##
§. #..##..#.
##F### ###...##...
##OH.y.#
......##... ##u#
####.....# #.#
##c## .......#.#
#.##@## ##.#<#.##
##.#.#
#.......###.#..#
.......#.#.#.###.#
.........##.## #.#
......#..###.# ##.
...#+#..## ... #.
... ..## ....# #.
.. ..# .....# ##


You could see a cyan ugly thing, a centaur warrior, a two-headed ogre, a
manticore and a bullfrog.

Vanquished Creatures
  An arcanist (D:9)
  A gargoyle (D:8)
  Grinder (D:3)
  Prince Ribbit (D:5)
  Eustachio (D:6)
  A wyvern (D:8)
  5 humans
  A steam dragon (D:8)
  An orc warrior (D:6)
  A sky beast (D:6)
  2 black bears (D:6)
  5 ice beasts
  5 ogres
  A phantom (D:5)
  3 centaurs
  3 kobold brigands
  A bullfrog (D:6)
  A scorpion (D:7)
  4 wights (D:6)
  2 killer bees (D:9)
  2 jellies
  4 hounds
  3 orc priests
  2 gnoll boudas
  4 sleepcaps
  2 iguanas
  3 orc wizards
  22 gnolls
  4 adders
  A shadow imp (D:6)
  2 ufetubi (D:5)
  2 dart slugs (D:3)
  2 ribbon worms
  13 orcs
  4 bats
  5 endoplasms
  3 giant cockroaches
  5 hobgoblins
  8 jackals
  5 quokkas
  11 ball pythons
  4 frilled lizards
  4 goblins (D:1)
  29 kobolds
  5 rats
190 creatures vanquished.

Notes
Turn   | Place    | Note
-------+----------+-------------------------------------------
     0 | D:1      | smashvw the Minotaur Monk began the quest for the Orb.
     0 | D:1      | Reached XP level 1. HP: 19/19 MP: 0/0
    66 | D:1      | Reached skill level 1 in Armour
    66 | D:1      | Reached XP level 2. HP: 23/27 MP: 1/1
   162 | D:1      | Reached skill level 4 in Fighting
   394 | D:1      | Reached XP level 3. HP: 29/33 MP: 2/2
  1205 | D:2      | Found Foloneac's Assorted Antiques.
  1378 | D:3      | Reached XP level 4. HP: 38/41 MP: 3/3
  1391 | D:3      | Found Cuanwawn's Distillery.
  1485 | D:3      | Found an ornate altar of the Wu Jian Council.
  1519 | D:3      | Reached skill level 5 in Fighting
  1522 | D:3      | Reached XP level 5. HP: 27/48 MP: 4/4
  1539 | D:3      | Reached skill level 5 in Axes
  2109 | D:3      | Noticed Grinder
  2122 | D:3      | Killed Grinder
  2123 | D:3      | Reached skill level 6 in Fighting
  2123 | D:3      | Reached XP level 6. HP: 28/57 MP: 5/5
  2545 | D:4      | Found the +6 shillelagh "Devastator" {shatter}
  2550 | D:4      | Reached skill level 5 in Armour
  2550 | D:4      | Reached XP level 7. HP: 64/64 MP: 6/6
  2738 | D:4      | Reached skill level 1 in Maces & Flails
  2798 | D:4      | Found Addenar's Assorted Antiques.
  3141 | D:5      | Entered Level 5 of the Dungeon
  3194 | D:5      | Reached skill level 1 in Shields
  3221 | D:5      | Reached skill level 1 in Spellcasting
  3311 | D:5      | Reached skill level 7 in Fighting
  3333 | D:5      | Reached XP level 8. HP: 73/73 MP: 8/8
  3829 | D:5      | Noticed Prince Ribbit
  3863 | D:5      | Killed Prince Ribbit
  4204 | D:6      | Reached skill level 8 in Fighting
  4217 | D:5      | Reached XP level 9. HP: 13/81 MP: 11/11
  4551 | D:6      | Reached skill level 5 in Maces & Flails
  4632 | D:6      | Reached skill level 5 in Shields
  4736 | D:4      | Bought a jewelled buckler for 256 gold pieces
  4736 | D:4      | Identified the -2 buckler "Hanadimn" {Regen+ Dex+5 Stlth-}
                  | (You bought it in a shop on level 4 of the Dungeon)
  4852 | D:6      | Reached skill level 9 in Fighting
  4890 | D:6      | Noticed Eustachio
  4896 | D:6      | Killed Eustachio
  5053 | D:6      | Found a staircase to the Ecumenical Temple.
  5060 | Temple   | Entered the Ecumenical Temple
  5072 | Temple   | Became a worshipper of Qazlal Stormbringer
  5072 | Temple   | Reached * piety under Qazlal
  5072 | Temple   | Reached ** piety under Qazlal
  5572 | D:7      | Reached XP level 10. HP: 87/91 MP: 14/14
  5618 | D:7      | Found a hazy altar of Hepliaklqana.
  6082 | D:8      | Found a runed translucent gate.
  6083 | D:8      | Found a runed translucent gate.
  6084 | D:8      | Found a runed translucent gate.
  6086 | D:8      | Noticed dialectric's ghost (novice MiFi)
  6180 | D:8      | Found an ancient bone altar of Kikubaaqudgha.
  6183 | D:8      | Found a glowing golden altar of the Shining One.
  6185 | D:8      | Found a shadowy altar of Dithmenos.
  6191 | D:8      | Found a snail-covered altar of Cheibriados.
  6197 | D:8      | Got Zocoet's Precepts of Mercurial Ashes
  6305 | D:8      | Noticed a gargoyle
  6308 | D:8      | Killed a gargoyle
  6374 | D:8      | Found Zaw Osia's Assorted Antiques.
  6622 | D:9      | Reached skill level 10 in Fighting
  6622 | D:9      | Noticed an arcanist
  6626 | D:9      | Noticed a centaur warrior
  6629 | D:9      | Noticed a two-headed ogre
  6630 | D:9      | Noticed a manticore
  6633 | D:9      | Killed an arcanist
  6638 | D:9      | Noticed a cyan ugly thing
  6646 | D:9      | HP: 4/93 [centaur warrior (12)]
  6647 | D:9      | HP: 1/93 [centaur warrior (10)]
  6647 | D:9      | Mangled by a centaur warrior

Illustrated notes

Levels and vault maps discovered:
D:1:      heliophobic_arrival_enchanted_forest, layout_loops_ring,
          nicolae_eternal_life, serial_bayou_pond_a
D:2:      layout_rooms, serial_shops, shop
D:3:      wander_river, layout_loops_ring, nicolae_wu_jian_wuxing_cycle,
          serial_shops, nicolae_shop_window_shopping, kennysheep_crisscross,
          uniq_grinder
D:4:      layout_loops_ring, serial_shops, shop, dilly_guarded_unrand_devastator
D:5:      cheibrodos_thug_alley, layout_loops_ring, dreamdust_mushroom_princess,
          uniq_prince_ribbit1
D:6:      layout_cave_pools, temple_statues,
          hangedman_abyss_or_decor_jellyfish_corner, minmay_ruffians,
          uniq_eustachio
D:7:      layout_basic, worldfamousw_hep_ancestral_shrine
D:8:      layout_loops_ring, nicolae_overflow_macrodata_refinement,
          serial_shops, nicolae_shop_window_shopping, gammafunk_ghost_necromancy
D:9:      minmay_the_grid_octo_tiled_octocenter
          [minmay_the_grid_octo_checkerflower, minmay_the_grid_octo_clover_2,
          minmay_the_grid_octo_empty, minmay_the_grid_octo_pinwheel,
          minmay_the_grid_octo_prize_big_c,
          minmay_the_grid_square_5x5_three_small,
          minmay_the_grid_square_5x5_broken_cross,
          minmay_the_grid_square_5x5_minimal,
          minmay_the_grid_square_5x5_shuriken], layout_basic, zin_purify,
          trog_ov_bears_minmay, kennysheep_generic_room_2, uniq_harold,
          uniq_pikel
Temple:   minmay_temple_curvy_branch

Skill      XL: |  1  2  3  4  5  6  7  8  9 10 |
---------------+-------------------------------+-----
Armour         | 1 2 3 4 5 7 8 |  8.0
Fighting       | 4 5 6 7 8 9 10 | 10.0
Axes           | 4 5 6 |  6.3
Maces & Flails | 2 4 6 8 |  8.0
Shields        | 2 4 6 |  6.0
Spellcasting   | 1 2 3 4 |  4.5
Dodging        | |  3.2

Action                     |  1- 3 |  4- 6 |  7- 9 | 10-12 || total
---------------------------+-------+-------+-------+-------++-------
  Melee: Hand axe          |    83 |    88 |       |       ||   171
         Headbutt          |    11 |    21 |    23 |     8 ||    63
         Shillelagh        |       |       |   137 |    43 ||   180
    Use: Potion            |       |       |     3 |     5 ||     8
         Scroll            |       |       |       |     1 ||     1
 Armour: Robe              |    46 |    44 |    70 |       ||   160
         Chain mail        |       |       |     6 |    44 ||    50
  Dodge: Dodged            |    51 |    71 |    94 |    25 ||   241
  Block: Buckler           |       |       |     5 |    19 ||    24

Table legend: (Time is in decaauts)
 A = Elapsed time spent in this place.
 B = Non-inter-level travel time spent in this place.
 C = Inter-level travel time spent in this place.
 D = Time resting spent in this place.
 E = Time spent auto-exploring this place.
 F = Levels seen in this place.
 G = Mean time per level.
                   A        B        C        D        E       F      G
               +--------+--------+--------+--------+--------+-----+--------+
         Total |   6695 |   6288 |    407 |    199 |   5076 |  10 |  669.5 |
       Dungeon |   6671 |   6285 |    386 |    199 |   5076 |   9 |  741.2 |
        Temple |     23 |      2 |     21 |      0 |      0 |   1 |   23.0 |
               +--------+--------+--------+--------+--------+-----+--------+

Top non-repeatable levels by time:
     D:5: 1328 daAuts
     D:3: 1198 daAuts
     D:1: 918 daAuts
     D:6: 720 daAuts
     D:7: 699 daAuts
     D:8: 668 daAuts
     D:4: 647 daAuts
     D:2: 447 daAuts
     D:9: 42 daAuts
  Temple: 23 daAuts
